 Dungeon Crawl Stone Soup version 0.20-a0-971-g5896763 (webtiles) character file.

49 Krakonus1 the Skirmisher (level 3, -1/33 HPs)
             Began as a Bultungin Fighter on Apr 9, 2017.
             Slain by a gnoll
             ... wielding a +0 flail
              (6 damage)
             ... on level 2 of the Dungeon.
             The game lasted 00:03:52 (628 turns).

Krakonus1 the Skirmisher (Bultungin Fighter)         Turns: 628, Time: 00:03:52

Health: -1/33      AC:  7    Str: 20    XL:     3   Next: 77%
Magic:  3/3        EV:  8    Int:  8    God:
Gold:   50         SH: 10    Dex: 14    Spells: 2/2 levels left

rFire    . . .     SeeInvis +   a - +0 long sword
rCold    . . .     Gourm    .   c - +0 shield
rNeg     . . .     Faith    .   b - +0 scale mail
rPois    .         Spirit   .   (no helmet)
rElec    .         Reflect  .   (no cloak)
rCorr    .         Harm     .   (no gloves)
MR       .....                  (no boots)
Stlth    ..........             (no amulet)
Regen    0.2/turn               (no ring)
MPRegen  0.1/turn               (no ring)

@: mighty
A: short attention span, fangs 1, see invisible, strong nose
a: no special abilities


You were on level 2 of the Dungeon.
You were not hungry.

You visited 1 branch of the dungeon, and saw 2 of its levels.

You collected 50 gold pieces.

Inventory:

Hand Weapons
 a - a +0 long sword (weapon)
Armour
 b - a +0 scale mail (worn)
 c - a +0 shield (worn)
Jewellery
 e - an uncursed ring of ice {unknown}
Scrolls
 h - 2 scrolls of random uselessness
 j - 2 scrolls of amnesia {unknown}
 o - a scroll of remove curse {unknown}
Potions
 d - 2 potions of might
 g - 2 potions of agility {unknown}
 k - a potion of curing {unknown}
 m - a potion of cancellation {unknown}
Comestibles
 f - a bread ration
 i - 3 royal jellies
 l - a meat ration
 n - 2 fruits
 p - 4 chunks of flesh


   Skills:
 * Level 5.1 Fighting
 * Level 3.8 Long Blades
 * Level 5.0 Armour
 * Level 1.5 Dodging
 * Level 4.7 Shields


You had 2 spell levels left.
You didn't know any spells.

Dungeon Overview and Level Annotations

Branches:
Dungeon (2/15)

Altars:


Innate Abilities, Weirdness & Mutations

You have a short attention span.
You have very sharp teeth.
You have supernaturally acute eyesight. (SInv)
Your uncanny sense of smell can sniff out nearby items.


Message History

You block the gnoll's attack. x2
You hit the gnoll but do no damage.
The gnoll is severely wounded.
The gnoll hits you from afar with a spear!
You are too injured to fight recklessly!
You are too injured to fight recklessly!
You are too injured to fight recklessly!
You feel very mighty all of a sudden. You block the gnoll's attack.
The gnoll hits you but does no damage. x2
You block the gnoll's attack.
You closely miss the gnoll.
The gnoll is severely wounded.
You block the gnoll's attack. x2; The gnoll hits you with a whip.
The gnoll hits you from afar with a halberd!
* * * LOW HITPOINT WARNING * * *
The gnoll barely misses you.
You slash the gnoll!
You kill the gnoll!
The gnoll hits you with a flail.
You die...

#.#############..#
#.########## #..#
............# #..#
#.######## .. #..# #.#
#.##..######## #.#
..#..#......# #.#
#.#..#......# #.#
#########.#..#g.....#.# #..
............@)g........
############..#.g#r.....#.#
........# #.....#......#
....##.# #.....#......#
#....#.####.....#......#
#.#..#..........#......#
#.#..#.......#..#......#
#)#..#.#######..###.....
##.#..#.# ..#


You could see 3 gnolls and a rat.

Vanquished Creatures
  A gnoll (D:2)
  2 adders (D:2)
  2 giant cockroaches
  6 goblins (D:1)
  2 hobgoblins (D:1)
  3 kobolds (D:1)
  7 rats
23 creatures vanquished.

Notes
Turn   | Place    | Note
-------+----------+-------------------------------------------
     0 | D:1      | Krakonus1 the Bultungin Fighter began the quest for the Orb.
     0 | D:1      | Reached XP level 1. HP: 20/20 MP: 1/1
    94 | D:1      | Reached skill level 1 in Dodging
    96 | D:1      | Reached XP level 2. HP: 20/26 MP: 2/2
   553 | D:2      | Reached XP level 3. HP: 32/32 MP: 3/3
   584 | D:2      | Reached skill level 5 in Armour
   601 | D:2      | Reached skill level 5 in Fighting
   628 | D:2      | Slain by a gnoll

Vault maps used:
D:1:      ncdulo_lavacross
D:2:      lemuel_coloured_pillars_altar

Skill      XL: |  1  2  3 |
---------------+----------+-----
Dodging        | 1 |  1.5
Armour         | 5 |  5.0
Fighting       | 5 |  5.1
Long Blades    | |  3.8
Shields        | |  4.7

Action                   || total
-------------------------++-------
Melee: Long sword        ||    68
       Bite              ||     5
  Use: Scroll            ||     3
       Potion            ||     1
Armor: Scale mail        ||    28
Dodge: Dodged            ||    20
Block: Shield            ||    39
       Rpst.: Long sword ||     5
